 Dungeon Sprint DCSS version 0.28-a0-313-gbc0475efdd (webtiles) character file.

Game seed: 4774693730179265976

116 Ankalagon the Shield-Bearer (level 5, -8/37 HPs)
             Began as a Gargoyle Fighter on Aug 31, 2021.
             Killed from afar by a lava snake (13 damage)
             ... with a glob of lava
             ... in the Dungeon (Sprint II: "The Violet Keep of Menkaure").
             The game lasted 00:00:27 (268 turns).

Ankalagon the Shield-Bearer (Gargoyle Fighter)       Turns: 268, Time: 00:00:27

Health: -8/37      AC:  7    Str: 19    XL:     5   Next: 0%
Magic:  5/5        EV:  8    Int:  9    God:
Gold:   243        SH:  9    Dex: 10    Spells: 4/4 levels left

rFire   . . .      SeeInvis .   a - +0 flail
rCold   . . .      Faith    .   c - +0 kite shield
rNeg    + . .      Spirit   .   b - +0 scale mail
rPois   ∞          Reflect  .   (no helmet)
rElec   +          Harm     .   (no cloak)
rCorr   .          Rampage  .   (no gloves)
Will    .....      NoTele   +   (no boots)
Stlth   ..........              (no amulet)
HPRegen 0.12/turn               (no ring)
MPRegen 0.09/turn               (no ring)

@: no status effects
A: sickness immunity, AC +4, negative energy resistance 1, electricity
resistance, torment resistance 1, petrification resistance, deformed body
a: no special abilities


You were in the Dungeon.
You visited 1 branch You collected 243 gold pieces.

Inventory:

Hand Weapons
 a - a +0 flail (weapon)
Armour
 b - a +0 scale mail (worn)
 c - a +0 kite shield (worn)
Scrolls
 j - a scroll of blinking
Potions
 d - a potion of might
 e - a potion of curing
 f - a potion of heal wounds
 g - a potion of haste
 h - 2 potions of magic


   Skills:
 + Level 6.7 Fighting
 + Level 5.7 Maces & Flails
 - Level 3.2 Armour
 + Level 6.8 Shields


You had 4 spell levels left.
You didn't know any spells.
Your spell library was empty.

Dungeon Overview and Level Annotations

Branches:
Dungeon (1/1)

Altars:


Innate Abilities, Weirdness & Mutations

You are immune to sickness and miasma.
Your stone body is resilient. (AC +4)
You are immune to poison.
You resist negative energy. (rN+)
You are resistant to electric shocks. (rElec)
You are resistant to unholy torment.
You are immune to petrification.
Armour fits poorly on your strangely shaped body.


Message History

You sock the neqoxec!
You kill the neqoxec!
You feel your intelligence returning.
Your Fighting skill gained 3 levels and is now at level 6!
Your Maces & Flails skill gained 3 levels and is now at level 5!
Your Shields skill gained 3 levels and is now at level 6!
You have reached level 2!
You have reached level 3!
Your experience leads to an increase in your attributes!
Increase (S)trength, (I)ntelligence, or (D)exterity?
You feel agile.
You have reached level 4!
You feel clever.
You have reached level 5!
You slam the door shut with a bang!
You feel a strong urge to attack something.
You start resting.
You are no longer berserk.
You are exhausted.
You feel yourself slow down.
You feel yourself speed up.
You recover from your berserk rage.
HP restored.
You open the door.
There is an open door here.
A lava snake comes into view.
Found 243 gold pieces.
The lava snake hisses angrily.
You hear an angry hiss.
A lava snake comes into view.
The lava snake hisses angrily.
The lava snake spits lava at you. The glob of lava hits you!
You see here 243 gold pieces.
You now have 243 gold pieces.
The lava snake spits lava at you. The glob of lava hits you!
* * * LOW HITPOINT WARNING * * *
The lava snake spits lava at you. The glob of lava hits you!
You die...

# #. #+#
#l##.####
#+.<.+w#
#l##.##w..#
#. #'## .## #
####.## #
#..##.#
#.@.## ##'##
≈§≈≈ #'○○#''
#S○SS○○°
#○○○°○°§§°
+§§○○○°○°§§≈
##☼§°○°°○°°##


You could see 3 lava snakes.

Vanquished Creatures
  A neqoxec (D)
1 creature vanquished.

Vanquished Creatures (others)
  3 neqoxecs (D)
  A water moccasin (D)
4 creatures vanquished.

Grand Total: 5 creatures vanquished

Notes
Turn   | Place    | Note
-------+----------+-------------------------------------------
     0 | D        | Ankalagon the Gargoyle Fighter began the quest for the Orb.
     0 | D        | Reached XP level 1. HP: 14/14 MP: 1/1
     1 | D        | Noticed a wyvern
     1 | D        | Noticed a wyvern
     8 | D        | Noticed a neqoxec
    16 | D        | Gained mutation: Armour fits poorly on your strangely
                  | shaped body. [a neqoxec]
    19 | D        | Killed a neqoxec
    20 | D        | Reached skill level 5 in Maces & Flails
    20 | D        | Reached XP level 2. HP: 6/23 MP: 2/2
    20 | D        | Reached XP level 3. HP: 7/28 MP: 3/3
    20 | D        | Reached XP level 4. HP: 8/32 MP: 4/4
    20 | D        | Reached XP level 5. HP: 9/37 MP: 5/5
    27 | D        | Killed a neqoxec
    57 | D        | Killed a neqoxec
    64 | D        | Killed a neqoxec
    99 | D        | Killed a water moccasin
   268 | D        | Killed from afar by a lava snake

Illustrated notes

Levels and vault maps discovered:
D:        the_violet_keep_of_menkaure [sprint2_stairs_cluster_1,
          sprint2_shoproom, sprint2_temple, sprint2_basic_supplies,
          sprint2_obstacle_5, sprint2_obstacle_2, sprint2_obstacle_7,
          sprint2_obstacle_3, sprint2_obstacle_1, sprint2_timed_cluster_1,
          sprint2_smallroom_cluster_1, sprint2_smallroom_final_cluster_1,
          sprint2_transparent_cluster_1, sprint2_second_timed_cluster_1,
          sprint2_sniper_area_1, sprint2_heavy_combat_area_1,
          sprint2_mutation_trap_area_1, sprint2_forest_area_1,
          sprint2_light_combat_area_1, sprint2_behind_water_1,
          sprint2_near_end_vault_1]

Skill      XL: |  1 |
---------------+----+-----
Fighting       | 6 |  6.7
Maces & Flails | 5 |  5.7
Shields        | 6 |  6.8
Armour         | |  3.2

Action                   |  1- 3 |  4- 6 || total
-------------------------+-------+-------++-------
Melee: Flail             |     7 |       ||     7
  Use: Potion            |     1 |       ||     1
Armor: Scale mail        |     2 |       ||     2
Dodge: Dodged            |     3 |       ||     3

Table legend: (Time is in decaauts)
 A = Elapsed time spent in this place.
 B = Non-inter-level travel time spent in this place.
 C = Inter-level travel time spent in this place.
 D = Time resting spent in this place.
 E = Time spent auto-exploring this place.
 F = Levels seen in this place.
 G = Mean time per level.
                   A        B        C        D        E       F      G
               +--------+--------+--------+--------+--------+-----+--------+
         Total |    279 |    279 |      0 |    252 |      0 |   1 |  279.0 |
       Dungeon |    279 |    279 |      0 |    252 |      0 |   1 |  279.0 |
               +--------+--------+--------+--------+--------+-----+--------+

Top non-repeatable levels by time:
       D: 279 daAuts
